 Dungeon Crawl Stone Soup version 0.31.0 (webtiles) character file.

Game seed: 4434111560131208485

176278 groovy9 the Severer (level 18, -37/123 HPs)
             Began as a Gargoyle Berserker on Jan 20, 2024.
             Was a High Priest of Trog.
             Killed from afar by Nikola (63 damage)
             ... with an arc of chain lightning
             ... on level 4 of the Snake Pit.
             The game lasted 01:39:54 (26107 turns).

groovy9 the Severer (Gargoyle Berserker)           Turns: 26107, Time: 01:39:54

Health: -37/123    AC: 50    Str: 28    XL:     18   Next: 12%
Magic:  18/18      EV: 13    Int: 12    God:    Trog [*****.]
Gold:   194        SH: 10    Dex:  9    Spells: 17/17 levels left

rFire   + . .        P - +5 broad axe (heavy)
rCold   . . .        t - +3 warlock's mirror {omnireflect}
rNeg    + . .        k - +5 plate armour {rF+}
rPois   ∞            A - +0 hat
rElec   +            D - +2 cloak
rCorr   .            M - +3 pair of gauntlets of War {Slay+5}
SInv    .            j - +0 pair of boots
Will    +....        c - amulet "Etsavvud" {Regen+ Int+3} Stlth
                     r - +4 ring of protection
HPRegen 1.20/turn    d - +5 ring of evasion
MPRegen 0.16/turn

%: reflection
@: attractive, flying
A: sickness immunity, AC +13, big wings, negative energy resistance 1,
electricity resistance, torment resistance 1, petrification resistance
a: Renounce Religion, Berserk, Trog's Hand, Brothers in Arms


You were on level 4 of the Snake Pit.
You worshipped Trog.
Trog was extremely pleased with you.
You visited 6 branches of the dungeon, and saw 26 of its levels.
You visited the Abyss 1 time.
You also visited: Volcano.

You collected 2531 gold pieces.
You spent 2337 gold pieces at shops.

Inventory:

Hand Weapons
 h - the +7 war axe of True Grit {drain, Will+ Int+3 SInv}
   (You found it on level 1 of the Lair of Beasts)

   Int+3:     It affects your intelligence (+3).
   Will+:     It increases your willpower.
   SInv:      It lets you see invisible.
 C - a +1 broad axe
 E - the +1 flail of Subterfuge {heavy, rPois rC- Int+3 Dex+3}
   (You found it on level 9 of the Dungeon)

   Int+3:     It affects your intelligence (+3).
   Dex+3:     It affects your dexterity (+3).
   rC-:       It makes you vulnerable to cold.
   rPois:     It protects you from poison
 O - the +10 broad axe of the Immovable Spirits {antimagic, *Slow rN+ rCorr}
   (Trog gifted it to you on level 5 of the Lair of Beasts)

   rN+:       It protects you from negative energy.
   rCorr:     It protects you from acid and corrosion.
   *Slow:     It may slow you when you take damage.
 P - a +5 heavy broad axe (weapon)
Armour
 j - a +0 pair of boots (worn)
 k - a +5 plate armour of fire resistance (worn)
 t - the +3 warlock's mirror (worn) {omnireflect}
   (You bought it in a shop on level 2 of the Orcish Mines)

   Omnireflect: It can block and reflect piercing ranged attacks and magical
   attacks against the wielder's willpower.
 A - a +0 hat (worn)
 D - a +2 cloak (worn)
 M - the +3 pair of gauntlets of War (worn) {Slay+5}
   (You bought it in a shop on level 1 of the Orcish Mines)

   Slay+5:    It affects your accuracy & damage with ranged weapons and melee
   (+5).
Jewellery
 c - the amulet "Etsavvud" (around neck) {Regen+ Int+3}
   (You acquired it on level 1 of the Snake Pit)

   [amulet of regeneration]

   Int+3:     It affects your intelligence (+3).
   Regen+:    It increases your rate of health regeneration.
 d - a +5 ring of evasion (right hand)
 r - a +4 ring of protection (left hand)
 s - a ring of positive energy
 w - a ring of protection from cold
Wands
 n - a wand of light (18)
 o - a wand of flame (71)
 u - a wand of digging (7)
 H - a wand of paralysis (8)
 I - a wand of mindburst (23)
 K - a wand of iceblast (19)
 L - a wand of polymorph (10)
Scrolls
 b - a scroll of summoning
 g - 3 scrolls of revelation
 p - 5 scrolls of torment
 y - 9 scrolls of teleportation
 z - 6 scrolls of vulnerability
 B - 7 scrolls of identify
 F - 2 scrolls of immolation
 G - 2 scrolls of fear
Potions
 a - a potion of mutation
 e - 6 potions of lignification
 f - 6 potions of cancellation
 i - 3 potions of enlightenment
 l - a potion of attraction
 m - 6 potions of curing
 q - a potion of invisibility
 x - 2 potions of haste
 Q - a potion of magic
 R - 3 potions of berserk rage
Miscellaneous
 J - a lightning rod (4/4)
 N - a tin of tremorstones (2/2)


   Skills:
 + Level 17.0 Fighting
 + Level 17.8 Axes
 + Level 16.8 Armour
 - Level 1.5 Dodging
 * Level 15.8 Shields
 + Level 3.9 Evocations


You had 17 spell levels left.
You didn't know any spells.
Your spell library was empty.

Dungeon Overview and Level Annotations

Branches:
Dungeon (11/15)            Temple (1/1) D:6            Lair (5/5) D:11
  Swamp (3/4) Lair:2        Snake (4/4) Lair:3        Slime (0/5) Lair:4
    Orc (2/2) D:11            Elf (0/3) Orc:2       Volcano (visited)

Altars:
Ashenzari
Cheibriados
Dithmenos
Elyvilon
Fedhas
Gozag
Hepliaklqana
Kikubaaqudgha
Makhleb
Nemelex Xobeh
Okawaru
Qazlal
Ru
Sif Muna
Trog
Uskayaw
Vehumet
Wu Jian
Xom
Yredelemnul
Zin
The Shining One
Jiyva
Lugonu

Shops:
D:5 ***   Orc:1 *[   Orc:2 *[:(

Portals:
Abyss: Lair:5 Snake:3

Annotations:
Snake:4 Nikola


Innate Abilities, Weirdness & Mutations

You are immune to sickness and miasma.
Your stone body is resilient. (AC +13)
You are immune to poison.
Your large and strong wings let you fly.
You resist negative energy. (rN+)
You are resistant to electric shocks. (rElec)
You are resistant to unholy torment.
You are immune to petrification.


Message History

You slice Nikola!!
Nikola is heavily wounded.
Nikola hits you but does no damage.
You slice Nikola!!
Nikola is severely wounded.
You block Nikola's attack.
You hit Nikola.
Nikola is severely wounded.
Nikola gestures wildly while chanting.
Lightning arcs from Nikola's hands!
The bolt of lightning hits you!!! You resist.
A bolt of lightning appears from out of thin air!
The bolt of lightning hits Nikola!
You hear a shout!
You are too injured to fight recklessly!
You hit Nikola.
Nikola is severely wounded.
Nikola hits you but does no damage.
You closely miss Nikola.
Nikola is severely wounded.
Nikola gestures wildly while chanting.
Lightning arcs from Nikola's hands!
The bolt of lightning hits you!!! You resist.
* * * LOW HITPOINT WARNING * * *
A bolt of lightning appears from out of thin air!
The bolt of lightning hits Nikola!
Press: ? - help, v - describe, . - travel
Here: Nikola, wielding a +0 rapier of electrocution, wearing a +0 cloak and wearing a +0 pair of gloves (almost dead)
The floor, spattered with blood.
You hit Nikola.
Nikola is almost dead.
Nikola mumbles, "Hm, I wonder if you're conductive."
Nikola hits you but does no damage.
You slash Nikola!
Nikola is almost dead.
Nikola casts a spell.
Lightning arcs from Nikola's hands!
The bolt of lightning hits you!!! You resist.
Ouch! That really hurt!
You die...

## ##....#####....... ..
###.....)...........
##.###....####...#.......
.#.......### #..##.......
........## #..#........
.....##..# #..#..###...
.... ##.# #..#..# ###.
... #.## #..#..# ## #.
#.@####....... #
##.@...(... #.:###...##
........## #...#
.......## ....... .......
.#..... ....###


You could see Nikola.

Vanquished Creatures
  The ghost of TuffENuff the Warrior, an adept FoFi of Cheibriados (Snake:3)
  A bone dragon (Abyss:3)
  Jorgrun (Orc:2)
  A tentacled starspawn (Abyss:3)
  Agnes (Snake:1)
  Frances (Snake:1)
  Kirke (Lair:3)
  Aizul (Snake:1)
  2 nagarajas (Snake:3)
  2 orc warlords
  5 eleionomae
  A red draconian (Volcano)
  2 bunyips
  A crystal guardian (Snake:3)
  A shambling mangrove (Swamp:3)
  A great orb of eyes (Snake:3)
  9 hydras
  A ghost crab (Swamp:2)
  7 alligators
  An ogre mage (Volcano)
  A spriggan air mage (Swamp:2)
  A salamander tyrant (Snake:3)
  12 anacondas
  4 two-headed ogres (Volcano)
  A boulder beetle (Lair:3)
  8 naga warriors
  2 hell hogs
  4 death yaks (Lair:5)
  4 orc high priests (Orc:2)
  A spriggan berserker (Swamp:2)
  5 thrashing horrors
  5 shock serpents
  9 naga sharpshooters
  11 spriggans
  A skyshark (Lair:4)
  A wretched star (Abyss:3)
  Sonja (Orc:1)
  A spatial maelstrom (Abyss:3)
  A death drake (Swamp:2)
  3 salamander mystics (Snake:3)
  5 naga ritualists
  5 mana vipers
  3 spriggan druids
  4 goliath frogs
  2 swamp dragons (Swamp:2)
  2 sea snakes (Snake:3)
  A glowing orange brain (Snake:3)
  5 bog bodies
  6 orc sorcerers
  6 large abominations
  A necromancer (D:9)
  2 orc knights
  3 ugly things (Lair:5)
  19 salamanders
  3 will-o-the-wisps
  A kobold blastminer (Orc:2)
  34 black mambas
  A meliai (shapeshifter) (Lair:5)
  3 naga magi
  14 elephants
  2 molten gargoyles (Volcano)
  A torpor snail (Lair:3)
  3 smoke demons
  Joseph (D:9)
  4 guardian serpents
  8 cane toads
  2 kobold demonologists (D:10)
  3 rime drakes
  A hellion (Snake:3)
  14 komodo dragons
  7 trolls
  2 polar bears
  8 tyrant leeches
  11 hornets
  5 raiju
  35 blink frogs
  3 wraiths
  2 ynoxinuls (Lair:5)
  5 steam dragons
  A water elemental (D:11)
  4 wyverns
  2 starcursed masses (Abyss:3)
  5 fire bats
  Grum (D:8)
  7 hogs (Lair:3)
  3 wargs
  33 yaks
  2 vampire mosquitoes (Swamp:1)
  6 basilisks
  Menkaure (D:7)
  5 acid dragons
  2 chaos spawn (Lair:5)
  11 swamp worms
  30 nagas
  26 water moccasins
  30 orc warriors
  2 ice beasts
  3 black bears
  4 swamp drakes
  11 small abominations
  17 wolves
  4 ogres
  4 centaurs
  A phantom (D:5)
  3 kobold brigands (D:10)
  5 bullfrogs
  A gnoll sergeant (D:10)
  3 scorpions
  5 wights (D:7)
  7 killer bees
  4 electric eels
  The ghost of ZoaN the Conjurer, a weakling DgCj (D:4)
  A howler monkey (D:5)
  7 lava snakes (Volcano)
  5 hounds
  5 jellies
  25 orc priests
  Crazy Yiuf (D:5)
  3 gnoll boudas
  3 polar bear simulacra (D:9)
  3 iguanas
  22 orc wizards
  6 yak simulacra (D:9)
  A wolf simulacrum (D:9)
  6 adders
  22 gnolls
  A white imp (D:8)
  2 ufetubi (D:6)
  3 dart slugs
  A ribbon worm (D:2)
  83 orcs
  7 ball pythons
  2 bats (D:3)
  5 endoplasms
  3 giant cockroaches
  2 goblins
  7 hobgoblins
  2 jackals (D:2)
  2 quokkas
  5 frilled lizards
  10 kobolds
  A river rat simulacrum (D:9)
  2 starspawn tentacles (Abyss:3)
846 creatures vanquished.

Vanquished Creatures (collateral kills)
  Mara (Swamp:3)
  A shambling mangrove (Swamp:3)
  2 alligators (Swamp:3)
  A ghost crab (Swamp:3)
  An orc knight (Orc:2)
  A salamander (Snake:3)
  A tyrant leech (Swamp:3)
  A naga (Snake:3)
  A howler monkey (D:8)
  An orc wizard (Orc:2)
11 creatures vanquished.

Vanquished Creatures (others)
  2 spriggans (Swamp:2)
  4 hornets
  4 bloated husks
  3 vampire mosquitoes
  A shadow imp (Abyss:3)
  2 orcs (D:7)
  8 foxfires
  A starspawn tentacle (Abyss:3)
25 creatures vanquished.

Grand Total: 882 creatures vanquished

Notes
Turn   | Place    | Note
-------+----------+-------------------------------------------
     0 | D:1      | groovy9 the Gargoyle Berserker began the quest for the Orb.
     0 | D:1      | Reached XP level 1. HP: 14/14 MP: 1/1
   109 | D:1      | Reached XP level 2. HP: 19/19 MP: 2/2
   533 | D:1      | Reached XP level 3. HP: 5/23 MP: 3/3
   941 | D:2      | Found a faded altar of an unknown god.
  1255 | D:2      | Reached XP level 4. HP: 27/29 MP: 2/4
  1291 | D:2      | Reached ** piety under Trog
  1711 | D:3      | Found a broken altar of Ashenzari.
  2692 | D:4      | Reached XP level 5. HP: 33/33 MP: 5/5
  2718 | D:4      | Noticed ZoaN's ghost (weakling DgCj)
  2733 | D:4      | Found a runed translucent gate.
  2733 | D:4      | Found a runed translucent gate.
  2733 | D:4      | Found a runed translucent gate.
  2765 | D:4      | Killed ZoaN's ghost
  2869 | D:4      | Reached XP level 6. HP: 39/39 MP: 6/6
  2966 | D:4      | Noticed a black bear
  2974 | D:4      | Killed a black bear
  2975 | D:4      | Reached skill level 5 in Axes
  3173 | D:4      | Found a sacrificial altar of Ru.
  3551 | D:5      | Entered Level 5 of the Dungeon
  3554 | D:5      | Noticed an ice beast
  3562 | D:5      | Killed an ice beast
  3563 | D:5      | Reached skill level 5 in Fighting
  3563 | D:5      | Reached XP level 7. HP: 44/44 MP: 5/7
  3750 | D:5      | Found Hiupluan's Specific Store.
  3752 | D:5      | Found Yggiciq's General Store.
  3848 | D:5      | Found a white marble altar of Elyvilon.
  3949 | D:5      | Found Puhi's Serpentskin Sales.
  3966 | D:5      | Reached skill level 5 in Armour
  4009 | D:5      | Reached XP level 8. HP: 32/51 MP: 4/8
  4106 | D:5      | You fall into a shaft and drop 1 floor!
  4463 | D:5      | Found a runed translucent door.
  4464 | D:5      | Noticed Crazy Yiuf
  4478 | D:5      | Killed Crazy Yiuf
  4712 | D:6      | Found a staircase to the Ecumenical Temple.
  4719 | Temple   | Entered the Ecumenical Temple
  4749 | D:6      | Found a shadowy altar of Dithmenos.
  4857 | D:6      | Found a hazy altar of Hepliaklqana.
  5584 | D:7      | Noticed Menkaure
  5588 | D:7      | Killed Menkaure
  5589 | D:7      | Reached XP level 9. HP: 57/57 MP: 9/9
  5955 | D:7      | Reached *** piety under Trog
  6296 | D:7      | Found a shimmering altar of Xom.
  6427 | D:8      | Noticed Grum
  6455 | D:8      | Killed Grum
  6693 | D:8      | Noticed a troll
  6701 | D:8      | Killed a troll
  6702 | D:8      | Reached XP level 10. HP: 65/65 MP: 10/10
  6748 | D:8      | Noticed a six-headed hydra
  6776 | D:8      | Killed a 16-headed hydra
  6777 | D:8      | Reached skill level 10 in Axes
  7068 | D:8      | Found a stormy altar of Qazlal.
  7069 | D:8      | Found a hide-covered altar of Uskayaw.
  7074 | D:8      | Found a snail-covered altar of Cheibriados.
  7143 | D:8      | Found an opulent altar of Gozag.
  7538 | D:9      | Found a transporter.
  7698 | D:9      | Reached XP level 11. HP: 71/71 MP: 9/11
  7852 | D:9      | Noticed Joseph
  7861 | D:9      | Killed Joseph
  8018 | D:9      | Found a transporter.
  8065 | D:9      | Noticed a necromancer
  8093 | D:9      | Killed a necromancer
  8094 | D:9      | Reached skill level 10 in Fighting
  8447 | D:9      | Identified the +1 flail of Subterfuge {heavy, rPois rC-
                  | Int+3 Dex+3}
  8456 | D:10     | Entered Level 10 of the Dungeon
  8568 | D:10     | Found an iron altar of Okawaru.
  8714 | D:10     | Reached skill level 10 in Armour
  9573 | D:11     | Found a staircase to the Orcish Mines.
  9643 | D:11     | Reached **** piety under Trog
  9726 | D:11     | Found a staircase to the Lair.
 10091 | Lair:1   | Entered Level 1 of the Lair of Beasts
 10158 | Lair:1   | Reached XP level 12. HP: 63/79 MP: 8/12
 10452 | Lair:1   | Identified the +7 war axe of True Grit {drain, Will+ Int+3
                  | SInv}
 11471 | Lair:2   | Noticed a four-headed hydra
 11502 | Lair:2   | Killed a four-headed hydra
 11696 | Lair:2   | Found a stormy altar of Qazlal.
 11847 | Lair:2   | Reached XP level 13. HP: 86/86 MP: 9/13
 11886 | Lair:2   | Found a staircase to the Swamp.
 12288 | Lair:3   | Reached ***** piety under Trog
 12415 | Lair:3   | Identified the +2 ring mail "Qaixt" {Harm rElec MP+9 Dex-3}
 12428 | Lair:3   | Noticed Kirke
 12448 | Lair:3   | Killed Kirke
 12580 | Lair:3   | Found a staircase to the Snake Pit.
 12766 | Lair:3   | Reached skill level 15 in Axes
 13199 | Lair:4   | Found a viscous altar of Jiyva.
 13199 | Lair:4   | Found a staircase to the Slime Pits.
 13386 | Lair:4   | Reached skill level 1 in Shields
 13460 | Lair:4   | You fall into a shaft and drop 1 floor!
 13460 | Lair:5   | Entered Level 5 of the Lair of Beasts
 13492 | Lair:5   | Received a gift from Trog
 13602 | Lair:5   | Gained mutation: Your large and strong wings let you fly.
                  | [Gargoyle growth]
 13602 | Lair:5   | Reached XP level 14. HP: 79/94 MP: 11/14
 14643 | Lair:5   | Reached skill level 5 in Shields
 15105 | Lair:5   | Reached ****** piety under Trog
 15200 | Lair:5   | Identified the +10 broad axe of the Immovable Spirits
                  | {antimagic, *Slow rN+ rCorr} (Trog gifted it to you on
                  | level 5 of the Lair of Beasts)
 15200 | Lair:5   | Received a gift from Trog
 15432 | Lair:5   | Found a corrupted altar of Lugonu.
 15432 | Lair:5   | Found a one-way gate to the infinite horrors of the Abyss.
 15867 | Orc:1    | Entered Level 1 of the Orcish Mines
 15867 | Orc:1    | Noticed an orc warlord
 15867 | Orc:1    | Found Figoteot's Antique Armour Shoppe.
 16000 | Orc:1    | Noticed Sonja
 16011 | Orc:1    | Killed Sonja
 16022 | Orc:1    | Killed an orc warlord
 16145 | Orc:1    | Bought the +3 pair of gauntlets of War {Slay+5} for 1377
                  | gold pieces
 16145 | Orc:1    | Found the +3 pair of gauntlets of War {Slay+5}
 16195 | Orc:1    | Found Quipsa's General Store.
 16268 | Orc:1    | Found a dark tunnel.
 16277 | Volcano  | Entered a volcano
 16540 | Volcano  | Found a radiant altar of Vehumet.
 16644 | Volcano  | Noticed a red draconian
 16655 | Volcano  | Killed a red draconian
 16665 | Volcano  | Reached XP level 15. HP: 90/101 MP: 5/15
 17077 | Orc:2    | Entered Level 2 of the Orcish Mines
 17182 | Orc:2    | Found a staircase to the Elven Halls.
 17322 | Orc:2    | Noticed an orc warlord
 17324 | Orc:2    | Noticed Jorgrun
 17888 | Orc:2    | Killed Jorgrun
 18075 | Orc:2    | Killed an orc warlord
 18547 | Orc:2    | Received a gift from Trog
 18708 | Orc:2    | Found Zaiguy's Antique Armour Shoppe.
 18709 | Orc:2    | Found Maen's Antique Weapon Emporium.
 18711 | Orc:2    | Found Fenoskag's General Store.
 18711 | Orc:2    | Found Soleoli's Book Shoppe.
 18971 | Snake:1  | Entered Level 1 of the Snake Pit
 18971 | Snake:1  | Noticed Frances
 18981 | Snake:1  | Killed Frances
 18987 | Snake:1  | Reached skill level 10 in Shields
 19243 | Snake:1  | Noticed Agnes
 19243 | Snake:1  | Identified the serpent talisman of the Snail {+Blink rF-
                  | rN+}
 19243 | Snake:1  | Noticed Aizul
 19257 | Snake:1  | Killed Aizul
 19259 | Snake:1  | Killed Agnes
 19474 | Swamp:1  | Entered Level 1 of the Swamp
 19508 | Swamp:1  | Reached skill level 15 in Fighting
 19761 | Swamp:1  | You are sucked into a shaft and drop 1 floor!
 19858 | Swamp:1  | Reached skill level 15 in Armour
 19949 | Swamp:1  | Reached XP level 16. HP: 108/108 MP: 5/16
 21524 | Swamp:2  | Received a gift from Trog
 21782 | Swamp:3  | Identified the +2 robe of the Lonely Artisans {Int+2}
 22060 | Swamp:3  | Noticed Mara
 22069 | Swamp:3  | Noticed groovy9's illusion
 22324 | Swamp:3  | Noticed groovy9's illusion
 22329 | Swamp:3  | Killed Mara
 22766 | Orc:2    | Bought the +3 warlock's mirror {omnireflect} for 960 gold
                  | pieces
 22766 | Orc:2    | Found the +3 warlock's mirror {omnireflect}
 23381 | Snake:1  | Identified a scroll of acquirement
 23382 | Snake:1  | Acquired the amulet "Etsavvud" {Regen+ Int+3}
 23461 | Snake:1  | Reached XP level 17. HP: 108/115 MP: 17/17
 24326 | Snake:2  | Found a shimmering blue altar of Sif Muna.
 24469 | Snake:3  | Noticed TuffENuff's ghost (adept FoFi)
 24526 | Snake:3  | Found a transporter.
 24557 | Snake:3  | Found a transporter.
 24591 | Snake:3  | Reached skill level 1 in Evocations
 24606 | Snake:3  | Received a gift from Trog
 25044 | Snake:3  | Reached skill level 15 in Shields
 25472 | Snake:3  | Killed TuffENuff's ghost
 25478 | Abyss:3  | Cast into level 3 of the Abyss (nagaraja)
 25510 | Abyss:3  | Found a corrupted altar of Lugonu.
 25542 | Abyss:3  | Noticed a tentacled starspawn
 25550 | Abyss:3  | Killed a tentacled starspawn
 25643 | Abyss:3  | Noticed a bone dragon
 25654 | Abyss:3  | Killed a bone dragon
 25655 | Abyss:3  | Reached XP level 18. HP: 121/122 MP: 18/18
 25697 | Abyss:3  | Paralysed by accursed screaming for 1 turns
 25703 | Snake:3  | Escaped the Abyss
 25776 | Snake:4  | Entered Level 4 of the Snake Pit
 25829 | Snake:4  | Received a gift from Trog
 26092 | Snake:4  | Noticed Nikola
 26107 | Snake:4  | Killed from afar by Nikola

Illustrated notes

Levels and vault maps discovered:
D:1:      heliophobic_arrival_dark_side_of_the_moon, layout_basic
D:2:      layout_rooms, hellmonk_ecumenical_altar_crossroads,
          kennysheep_generic_room_2
D:3:      layout_basic, evilmike_ruin_ashenzari, grunt_ministairs_1
D:4:      minmay_skewed_foursquare, layout_basic,
          nicolae_ru_the_path_less_chosen, gammafunk_ghost_split, serial_forest,
          infiniplex_forest_lined_4_way, infiniplex_forest_lined_3,
          infiniplex_forest_straight_3, infiniplex_forest_lined_room_2,
          infiniplex_forest_zigzag_1, infiniplex_forest_straight_4,
          infiniplex_forest_end_double, infiniplex_forest_lined_room_2,
          infiniplex_forest_lined_3
D:5:      layout_loops_ring, mainiacjoe_overflow_cross_hatched,
          dk_noncrumbling_3, nicolae_specific_store, guppyfry_shop_venom,
          uniq_crazy_yiuf_cottage
D:6:      layout_loops_ring, grunt_dithmenos_smoke_and_mirrors,
          nicolae_overflow_crystal_walls, minmay_temple_entry_arrows
D:7:      layout_gridville, mainiacjoe_overflow_brackets, uniq_menkaure
D:8:      minmay_opposing_rooms, layout_basic,
          mainiacjoe_overflow_small_starburst, minitemple, uniq_grum
D:9:      gammafunk_cloud_chamber, layout_cave_pools, eino_house_with_fridge,
          uniq_joseph
D:10:     layout_roguey, okawaru_ov_weapons_minmay, grunt_ministairs_11
D:11:     layout_basic, lair_entry_dummy, minmay_orc_entry_temple_small
Temple:   bh_familiar_temple
Lair:1:   layout_cave_pods, chequers_serial_rivers_marsh
Lair:2:   layout_cave_pods, mainiacjoe_swamp_entry_angry_trees, basic_altar
Lair:3:   layout_big_grid, guppyfry_snake_entry_island, uniq_kirke
Lair:4:   layout_gridlike, slime_entry_1
Lair:5:   hellmonk_lair_end_abyssal_woods, layout_small_grid,
          grunt_forest_small_clearing_treed, infiniplex_staircase_pool
Swamp:1:  layout_basic_swamp, hangedman_swamp_cone
Swamp:2:  nzn_winding_woodlands_three_and_one
          [nzn_winding_woodlands_5x15_lazy_stream,
          nzn_winding_woodlands_5x15_pathside_ponds,
          nzn_winding_woodlands_5x15_cabin,
          nzn_winding_woodlands_center_diamonds], layout_basic_swamp,
          nicolae_swamp_fairy_circle, swamp_pool_5
Swamp:3:  layout_basic_swamp, nicolae_swamp_oxbows, grunt_hermit_hut, uniq_mara
Snake:1:  layout_layer_cave, serial_bayou_shore_b, uniq_agnes, uniq_aizul,
          uniq_frances
Snake:2:  layout_onion, basic_altar
Snake:3:  layout_misc_corridors, gammafunk_ghost_abyssal_escape,
          serial_bayou_lagoon_a, nicolae_snake_snakes_in_the_grass
Snake:4:  johnstein_snake_rune_scales, layout_layer_cave,
          nicolae_coiled_stairwell_up, minmay_shop_star, uniq_vashnia,
          uniq_nikola
Orc:1:    layout_caves, nicolae_volcano_entry_batcave, serial_shops, shop, shop,
          uniq_sonja
Orc:2:    st_orc_congregation, layout_diamond_mine, uniq_jorgrun

Skill      XL: |  1  2  3  4  5  6  7  8  9 10 11 12 13 14 15 16 17 18 |
---------------+-------------------------------------------------------+-----
Axes           | 3 4 5 6 7 9 11 12 14 15 16 17 | 17.8
Armour         | 3 4 5 6 7 9 10 12 13 14 15 16 | 16.8
Fighting       | 4 5 7 8 9 10 12 13 14 15 16 17 | 17.0
Shields        | 2 8 11 13 15 | 15.8
Evocations     | 3 |  3.9
Dodging        | |  1.5

Action                     |  1- 3 |  4- 6 |  7- 9 | 10-12 | 13-15 | 16-18 || total
---------------------------+-------+-------+-------+-------+-------+-------++-------
  Melee: Hand axe          |    91 |    80 |   343 |       |       |       ||   514
         Punch             |       |       |     3 |     8 |     1 |       ||    12
         War axe           |       |       |    57 |   687 |   449 |   343 ||  1536
         Flail             |       |       |       |    21 |    13 |    45 ||    79
         Broad axe         |       |       |       |       |   433 |   408 ||   841
 Invoke: Berserk           |     2 |     4 |     8 |    14 |    20 |    13 ||    61
         Trog's Hand       |       |     3 |     4 |     5 |     7 |    13 ||    32
         Brothers in Arms  |       |       |       |       |     1 |     3 ||     4
    Use: Scroll            |       |    12 |     2 |     9 |     6 |    10 ||    39
         Potion            |       |       |     1 |     1 |     2 |     9 ||    13
   Stab: Distracted        |       |       |       |     1 |       |     2 ||     3
 Armour: Animal skin       |    20 |       |       |       |       |       ||    20
         Ring mail         |    25 |    34 |       |       |       |       ||    59
         Plate armour      |       |     1 |   340 |   572 |   612 |   779 ||  2304
  Dodge: Dodged            |    48 |    61 |   284 |   456 |   421 |   406 ||  1676
  Block: Buckler           |       |       |       |       |   147 |   308 ||   455
         Reflection        |       |       |       |       |       |    27 ||    27
